 Dungeon Crawl Stone Soup version 0.22-a0-48-g8770677 (webtiles) character file.

64 gmonis the Cudgeler (level 3, -4/33 HPs)
             Began as a Minotaur Berserker on Jan 7, 2018.
             Was a Believer of Trog.
             Killed from afar by an orc wizard (9 damage)
             ... with a puff of flame
             ... on level 2 of the Dungeon.
             The game lasted 00:03:50 (1616 turns).

gmonis the Cudgeler (Minotaur Berserker)            Turns: 1616, Time: 00:03:51

Health: -4/33      AC:  3    Str: 22    XL:     3   Next: 91%
Magic:  2/2        EV: 12    Int:  4    God:    Trog [**....]
Gold:   84         SH:  0    Dex:  9    Spells: 2/2 levels left

rFire    . . .     SeeInvis .   a - +4 mace
rCold    . . .     Gourm    .   (no shield)
rNeg     + . .     Faith    .   g - +0 leather armour
rPois    .         Spirit   .   (helmet restricted)
rElec    .         Reflect  .   (no cloak)
rCorr    .         Harm     .   (no gloves)
MR       .....                  (no boots)
Stlth    +.........             (no amulet)
HPRegen  0.11/turn              u - ring of positive energy
MPRegen  0.08/turn              (no ring)

@: no status effects
A: retaliatory headbutt, horns 2
a: Berserk, Trog's Hand, Burn Spellbooks, Renounce Religion


You were on level 2 of the Dungeon.
You worshipped Trog.
Trog was pleased with you.
You were not hungry.

You visited 1 branch of the dungeon, and saw 3 of its levels.

You collected 84 gold pieces.

Inventory:

Hand Weapons
 a - a +4 mace (weapon)
 b - a +0 hunting sling
 p - a +0 mace
Missiles
 t - 20 stones (quivered)
Armour
 g - a +0 leather armour (worn)
 x - a +0 animal skin
Jewellery
 u - a ring of positive energy (left hand)
Scrolls
 e - 2 scrolls of random uselessness {unknown}
 h - 2 scrolls of remove curse {unknown}
 j - a scroll of enchant weapon {unknown}
 k - a scroll of amnesia {unknown}
 m - 2 scrolls of teleportation {unknown}
 q - 2 scrolls of fear {unknown}
 w - a scroll of fog {unknown}
Potions
 d - 2 potions of mutation {unknown}
 f - a potion of brilliance {unknown}
 i - a potion of invisibility {unknown}
 l - a potion of magic {unknown}
 n - 2 potions of heal wounds {unknown}
 o - a potion of might {unknown}
 r - a potion of haste {unknown}
 s - a potion of curing {unknown}
Comestibles
 c - 2 rations


   Skills:
 - Level 3.8 Fighting
 + Level 5.7 Maces & Flails
 - Level 2.4 Armour
 - Level 2.2 Dodging


You had 2 spell levels left.
You didn't know any spells.

Dungeon Overview and Level Annotations

Branches:
Dungeon (3/15)

Altars:
Dithmenos


Innate Abilities, Weirdness & Mutations

You reflexively headbutt those who attack you in melee.
You have a pair of horns on your head.


Message History

You hit something.
You hear some strange, mumbled words.
A puff of flame appears from out of thin air!
The puff of flame hits you!
* * * LOW HITPOINT WARNING * * *
You completely miss something. Something hits you but does no damage.
You miss something. Something hits you.
* * * LOW HITPOINT WARNING * * *
Something barely misses you.
You closely miss something. Something hits you.
* * * LOW HITPOINT WARNING * * *
You hit something. Something hits you.
* * * LOW HITPOINT WARNING * * *
You miss something. Your headbutt misses something.
Something hits you but does no damage.
You miss something.
You hear some strange, mumbled words.
A puff of flame appears from out of thin air!
The puff of flame hits you!
You die...

########.#.......#####
.......#.#.####### .#####.#.#.#
####### ..#
#.#.#.###############.^...##
_§#
#.#........>................
.§#
#.###.#####.#########.....##
.## #.# #.# #.# #....#.....##
.# #.###.#####{####....#.....##
.# #..........@..)..........###
.#########.#####.####....####.#
# ...........#
#.####....####.### ############
#.........+.......
#....#....####.#.#
#....#########.#.# ######
#.......# #........ #.....###


There were no monsters in sight!

Vanquished Creatures
  2 adders (D:2)
  A dart slug (D:1)
  3 leopard geckos (D:2)
  4 orcs (D:3)
  3 ball pythons
  3 giant cockroaches
  3 goblins (D:2)
  A hobgoblin (D:2)
  3 kobolds
  9 bats
  4 frilled lizards
  3 rats
39 creatures vanquished.

Notes
Turn   | Place    | Note
-------+----------+-------------------------------------------
     0 | D:1      | gmonis the Minotaur Berserker began the quest for the Orb.
     0 | D:1      | Reached XP level 1. HP: 19/19 MP: 0/0
   313 | D:1      | Reached skill level 4 in Maces & Flails
   360 | D:1      | Reached XP level 2. HP: 27/27 MP: 1/1
   897 | D:2      | Reached skill level 5 in Maces & Flails
   897 | D:2      | Reached XP level 3. HP: 33/33 MP: 2/2
   942 | D:2      | Reached ** piety under Trog
  1391 | D:2      | Found a shadowy altar of Dithmenos.
  1616 | D:2      | Killed from afar by an orc wizard

Vault maps used:
D:1:      minmay_arrival_pointy
D:2:      hangedman_decor_points, grunt_dithmenos_smoke
D:3:      wad_pebble_path, lemuel_round_altar, uniq_terence

Skill      XL: |  1  2 |
---------------+-------+-----
Maces & Flails | 4 5 |  5.7
Fighting       | |  3.8
Armour         | |  2.4
Dodging        | |  2.2

Action                   || total
-------------------------++-------
Melee: Mace              ||    74
       Headbutt          ||     8
  Eat: Chunk             ||     2
Armor: Leather armour    ||    26
       Animal skin       ||     1
Dodge: Dodged            ||    50

Table legend:
 A = Spawn XP
 B = Non-spawn XP
 C = Spawn XP percentage of total XP
 D = Spawn monster count
 E = Non-spawn monster count
 F = Spawn count percentage of total count
 G = Total turns spent on level
                    A         B        C        D         E        F      G
               +---------+---------+-------+---------+---------+-------+---------
         Total |       0 |      92 |   0.0 |       0 |      39 |   0.0 |  1616
               +---------+---------+-------+---------+---------+-------+---------
           D:1 |       0 |      18 |   0.0 |       0 |      11 |   0.0 |   674
           D:2 |       0 |      61 |   0.0 |       0 |      23 |   0.0 |   918
           D:3 |       0 |      13 |   0.0 |       0 |       5 |   0.0 |    24
               +---------+---------+-------+---------+---------+-------+---------
